Map: Acropolis LE

Players

pHARM - Winner!

  • Race: Zerg Zerg
  • League: Platinum
  • Spawn Location: 11:00

kakaroto

  • Race: Terran Terran
  • League: Platinum
  • Spawn Location: 5:00

VOD

Have the link to the VOD?

Description

Time

  • Played on: Aug. 4, 2019, 10:38 p.m.
  • Length: 16:43
Show
View Real Time Build Order
Export as new Build Order

pHARM Zerg - Winner!

Build Orders: Hatch First, Brood Lord Corruptor 

Get SALT Encoding   

  12  0:01  Drone  
  13  0:13  Overlord  
  13  0:20  Drone  
  14  0:31  Drone x2  
  16  0:52  Hatchery  
  15  0:58  Drone x2  
  17  1:13  Spawning Pool  
  17  1:14  Drone  
  17  1:19  Drone  
  17  1:24  Drone  
  19  1:31  Drone  
  20  1:37  Extractor  
  19  1:42  Drone  
  20  1:52  Overlord  
  20  2:03  Queen  
  20  2:04  Queen  
  20  2:05  Zergling x4  
  26  2:15  Drone  
  27  2:16  Drone  
  28  2:27  Drone  
  28  2:28  Drone  
  30  2:38  Drone x2  
  32  2:44  Queen  
  32  2:46  Lair  
  32  2:50  Drone  
  32  2:51  Drone  
  36  2:57  Overlord  
  36  3:06  Evolution Chamber  
  35  3:13  Drone  
  35  3:15  Overlord x2, Roach Warren  
  35  3:17  Drone x2  
  37  3:35  Evolution Chamber  
  37  3:36  Zerg Missile Weapons Level 1  
  37  3:37  Drone x4  
  37  3:38  Drone x2  
  42  4:00  Glial Reconstitution  
  42  4:08  Drone  
  42  4:09  Drone x5  
  48  4:13  Drone  
  48  4:14  Drone  
  48  4:15  Roach  
  52  4:25  Extractor  
  52  4:27  Extractor  
  52  4:31  Roach x3  
  56  4:47  Roach  
  58  5:00  Overlord x2  
  58  5:10  Hydralisk Den  
  57  5:28  Hatchery  
  57  5:34  Roach  
  57  5:35  Roach  
  60  5:36  Overlord x2  
  60  5:40  Grooved Spines  
  60  5:55  Drone x2  
  60  5:56  Roach  
  76  5:57  Roach x6  
  76  6:00  Zerg Missile Weapons Level 2  
  76  6:10  Overlord x2  
  76  6:40  Extractor  
  76  6:43  Drone x11  
  84  7:03  Spore Crawler  
  84  7:05  Spore Crawler x2  
  73  7:09  Spore Crawler x2  
  73  7:10  Spore Crawler  
  73  7:11  Drone x3  
  73  7:15  Drone x3  
  68  7:23  Muscular Augments  
  56  7:44  Roach  
  56  7:45  Roach x3  
  56  7:46  Roach x7  
  78  8:09  Drone x10  
  78  8:12  Extractor x2  
  87  8:18  Hydralisk x4  
  94  8:22  Zerg Ground Armor Level 1  
  94  8:32  Infestation Pit  
  93  8:48  Overlord x2  
  93  8:58  Drone  
  93  8:59  Drone x2  
  93  9:01  Drone  
  97  9:13  Roach x8  
  97  9:16  Overlord x6  
  97  9:17  Overlord  
  113  9:29  Overlord x2  
  113  9:30  Hatchery  
  112  9:35  Hydralisk  
  112  9:36  Hydralisk x4  
  122  9:56  Hatchery  
  121  10:00  Hive  
  121  10:10  Spore Crawler x3  
  121  10:12  Spine Crawler  
  121  10:13  Spine Crawler x2  
  115  10:16  Drone x5  
  115  10:17  Drone, Spine Crawler  
  115  10:18  Drone  
  123  10:21  Roach  
  123  10:22  Hydralisk x8  
  123  10:23  Hydralisk x2  
  143  10:33  Spire  
  142  10:36  Roach x8  
  158  11:06  Drone  
  158  11:07  Drone x6  
  158  11:08  Drone x7  
  158  11:09  Drone x5  
  155  11:51  Extractor  
  154  11:56  Greater Spire, Extractor  
  153  12:03  Hatchery, Spine Crawler  
  153  12:04  Spine Crawler  
  153  12:07  Spine Crawler x2  
  148  12:08  Drone  
  148  12:12  Spine Crawler  
  148  12:13  Drone x3  
  148  12:14  Drone x3  
  146  12:25  Drone x2  
  146  12:26  Drone x4  
  146  12:27  Drone x3  
  146  12:29  Drone x2  
  154  12:30  Drone x5  
  154  12:31  Drone  
  160  13:21  Corruptor  
  160  13:22  Corruptor x7  
  160  13:23  Corruptor x4  
  160  13:24  Corruptor x2  
  188  13:43  Spine Crawler  
  188  13:45  Spine Crawler  
  188  13:46  Spine Crawler x2  
  188  13:47  Spine Crawler  
  183  13:48  Extractor  
  183  13:49  Extractor  
  183  13:52  Zerg Flyer Weapons Level 1  
  181  13:57  Brood Lord  
  181  13:58  Brood Lord x8  
  199  14:20  Zerg Ground Armor Level 2  
  177  15:51  Roach x2  
  177  15:52  Roach x13  
  177  15:54  Overlord x3  
  179  16:14  Roach  
  179  16:15  Roach x9  
Show
View Real Time Build Order
Export as new Build Order

kakaroto Terran 

Build Orders: Mech 

Get SALT Encoding   

  12  0:19  SCV  
  13  0:31  SCV  
  13  0:34  Supply Depot  
  14  0:43  SCV  
  14  0:46  Refinery  
  15  0:56  SCV, Barracks  
  16  1:08  SCV  
  17  1:20  SCV  
  18  1:32  SCV  
  19  1:43  Reaper  
  19  1:44  SCV  
  21  1:47  Command Center  
  21  2:00  Orbital Command  
  21  2:04  Supply Depot  
  21  2:11  Factory  
  21  2:31  Barracks Reactor  
  21  2:38  SCV  
  21  2:41  Refinery  
  22  2:50  SCV  
  23  3:02  SCV  
  24  3:06  Orbital Command  
  24  3:14  SCV  
  25  3:20  Hellion x2  
  29  3:27  SCV  
  29  3:28  Supply Depot  
  29  3:32  Marine  
  31  3:36  Starport  
  31  3:37  SCV  
  31  3:39  SCV  
  33  3:57  SCV x2  
  33  4:00  Hellion x2, Marine  
  39  4:08  Engineering Bay  
  39  4:09  SCV x2  
  41  4:10  Command Center  
  41  4:20  Viking  
  41  4:23  Refinery, SCV  
  41  4:24  SCV  
  45  4:36  SCV  
  45  4:37  Hellion x2  
  50  4:48  SCV  
  50  4:49  SCV  
  52  5:00  Starport Reactor, SCV  
  53  5:07  Supply Depot  
  53  5:08  SCV  
  53  5:09  Supply Depot  
  54  5:16  Barracks Tech Lab  
  54  5:22  Hellion x2, SCV x2, Supply Depot  
  60  5:31  Factory  
  60  5:33  Orbital Command  
  60  5:34  SCV x2  
  62  5:39  Refinery  
  62  5:43  Hellion x2  
  62  5:46  SCV x2  
  68  5:58  Viking x2  
  68  6:00  Factory  
  72  6:05  Hellion x2  
  76  6:13  Supply Depot  
  76  6:14  Supply Depot  
  76  6:23  Armory  
  76  6:25  Barracks Tech Lab  
  76  6:26  Hellion  
  76  6:27  Armory  
  76  6:30  SCV x2  
  76  6:31  SCV  
  81  6:41  Viking x2  
  81  6:42  SCV  
  81  6:43  SCV  
  64  7:13  Siege Tank x2, Hellion x2  
  62  7:17  SCV  
  46  7:34  Hellion x2  
  47  7:43  Supply Depot  
  47  7:44  SCV x3  
  49  7:45  Siege Tank x2  
  56  7:55  Hellion  
  56  7:56  Hellion, SCV x3  
  63  8:08  SCV  
  63  8:10  SCV x2  
  66  8:13  Terran Vehicle Weapons Level 1  
  66  8:14  Terran Vehicle And Ship Armor Level 1  
  66  8:17  Hellion x2, Orbital Command, Barracks Tech Lab  
  70  8:21  Viking x2  
  70  8:24  Factory  
  74  8:33  Supply Depot x2  
  74  8:35  Supply Depot  
  74  8:38  Hellion  
  76  8:41  Infernal Pre-Igniter  
  76  8:44  SCV  
  76  8:45  SCV x2  
  79  8:51  Viking  
  81  8:56  SCV  
  81  8:57  SCV x2  
  84  9:04  Hellion x3, Siege Tank  
  93  9:19  Hellion x7  
  93  9:20  Hellion x5  
  93  9:23  Viking  
  95  9:25  Hellion x2, Siege Tank  
  95  9:27  SCV x2  
  105  9:36  Siege Tank  
  105  9:37  Siege Tank  
  111  9:39  SCV x2  
  112  9:46  Hellion  
  112  9:47  Hellion  
  112  9:52  Barracks Tech Lab  
  116  9:57  Siege Tank  
  116  9:58  Factory  
  116  9:59  SCV  
  120  10:01  SCV  
  120  10:05  Refinery  
  120  10:06  Refinery  
  121  10:10  Thor  
  127  10:28  Thor  
  133  10:47  Supply Depot  
  133  10:48  Supply Depot  
  133  10:49  Supply Depot  
  133  10:50  Supply Depot x2  
  133  10:51  Command Center  
  133  11:05  Terran Vehicle Weapons Level 2  
  133  11:09  Hellion x2  
  133  11:10  SCV x2  
  133  11:11  SCV  
  140  11:16  Barracks Tech Lab  
  139  11:22  SCV  
  136  11:59  Terran Vehicle And Ship Armor Level 2  
  136  12:02  Thor, SCV x2  
  136  12:03  Hellion x2  
  148  12:13  SCV  
  148  12:14  SCV  
  148  12:15  Siege Tank  
  147  12:20  Thor  
  143  12:24  Hellion x2  
  143  12:25  SCV  
  143  12:26  Thor  
  138  12:42  SCV x3  
  141  12:45  Siege Tank, Hellion x2  
  148  13:06  Refinery  
  148  13:07  Planetary Fortress  
  148  13:09  Refinery  
  148  13:16  Supply Depot  
  148  13:18  Supply Depot  
  148  13:19  Supply Depot x2  
  148  13:21  Supply Depot  
  148  13:24  Supply Depot  
  148  13:29  Terran Vehicle Weapons Level 3  
  148  13:37  Missile Turret  
  148  13:38  Hellion x3, SCV x2  
  148  13:39  Viking x2, SCV  
  148  13:40  Hellion  
  148  13:41  Siege Tank, Hellion  
  168  13:52  SCV  
  169  14:00  Hellion x3  
  169  14:01  Hellion  
  179  14:02  Hellion  
  179  14:09  Viking x2  
  183  14:13  Hellion  
  183  14:15  Sensor Tower  
  185  14:20  Thor  
  191  14:24  Hellion  
  191  14:25  Hellion  
  195  14:43  Supply Depot  
  195  14:44  Missile Turret, Supply Depot  
  195  14:46  Supply Depot  
  195  14:48  Supply Depot  
  195  15:05  Missile Turret, Hellion x2  
  199  15:14  Viking  
  199  15:17  Hellion  
  199  15:20  Hellion  
  199  15:25  Missile Turret  
  199  15:26  Hellion  
  184  15:44  Hellion, Thor  
  184  15:46  Thor  
  154  15:53  Siege Tank x2  
Tags
 
Add a new tag
Caveats
  • Supply blocks, unpowered buildings, or Contaminate may cause inaccurate times.
  • Supply counts are checked every 10 seconds.